 Dungeon Crawl Stone Soup version 0.27.0-1-g7a089689b8 (webtiles) character file.

Game seed: 8580040442324589098

98 SnakkuSnakku7 the Skirmisher (level 4, -2/29 HPs)
             Began as a Gargoyle Berserker on Aug 11, 2021.
             Was a Follower of Trog.
             Killed by divine providence
             ... invoked by an orc priest
              (11 damage)
             ... on level 3 of the Dungeon.
             The game lasted 00:01:49 (1603 turns).

SnakkuSnakku7 the Skirmisher (Gargoyle Berserker)   Turns: 1603, Time: 00:01:49

Health: -2/29      AC: 10    Str: 22    XL:     4   Next: 71%
Magic:  4/4        EV: 10    Int:  7    God:    Trog [*.....]
Gold:   5          SH:  0    Dex:  9    Spells: 3/3 levels left

rFire    . . .     SeeInvis .   a - +0 hand axe
rCold    . . .     Faith    .   (no shield)
rNeg     + . .     Spirit   .   d - +0 scale mail
rPois    ∞         Reflect  .   (no helmet)
rElec    +         Harm     .   (no cloak)
rCorr    .         Rampage  .   (no gloves)
Will     ++...                  (no boots)
Stlth    ..........             (no amulet)
HPRegen  1.09/turn              (no ring)
MPRegen  0.09/turn              (no ring)

@: strong-willed, on berserk cooldown, regenerating, slowed, very slow
A: sickness immunity, AC +3, negative energy resistance 1, electricity
resistance, torment resistance 1, petrification resistance
a: Renounce Religion, Berserk


You were on level 3 of the Dungeon.
You worshipped Trog.
Trog was aware of your devotion.
You visited 1 branch of the dungeon, and saw 3 of its levels.

You collected 57 gold pieces.
You spent 52 gold pieces at shops.

Inventory:

Hand Weapons
 a - a +0 hand axe (weapon)
Armour
 b - a +0 animal skin
 d - a +0 scale mail (worn)
 m - a +0 buckler
Jewellery
 h - a ring of fire
Wands
 j - a wand of paralysis (6)
Scrolls
 g - a scroll of acquirement {unknown}
 i - a scroll of silence {unknown}
 l - 2 scrolls of teleportation {unknown}
Potions
 c - a potion of cancellation {unknown}
 e - a potion of lignification {unknown}
 f - a potion of heal wounds {unknown}
 k - a potion of berserk rage {unknown}


   Skills:
 - Level 3.7 Fighting
 + Level 3.6(3.8) Axes
 - Level 1.6(2.8) Polearms
 - Level 2.1 Armour
 - Level 1.5 Dodging
 + Level 2.1 Shields


You had 3 spell levels left.
You didn't know any spells.
Your spell library was empty.

Dungeon Overview and Level Annotations

Branches:
Dungeon (3/15)

Altars:

Shops:
D:2 *


Innate Abilities, Weirdness & Mutations

You are immune to sickness and miasma.
Your stone body is resilient. (AC +3)
You are immune to poison.
You resist negative energy. (rN+)
You are resistant to electric shocks. (rElec)
You are resistant to unholy torment.
You are immune to petrification.


Message History

You have reached level 4!
You feel stronger.
The orc shouts!
You completely miss the orc priest.
The orc priest hits you but does no damage.
The orc priest casts a cantrip, but nothing happens.
You barely miss the orc priest.
You feel a strong urge to attack something.
Unknown command.
You closely miss the orc priest.
The orc priest hits you with a +0 flail.
The orc barely misses you.
You slash the orc priest!
The orc priest is almost dead.
Unknown command.
You hit the orc priest.
You kill the orc priest!
Trog accepts your kill.
The orc hits you from afar with a +0 trident.
Your Shields skill increases to level 2!
Unknown command.
The orc priest calls down the wrath of Beogh upon you.
Beogh smites you!
* * * LOW HITPOINT WARNING * * *
The orc hits you but does no damage.
You barely miss the orc.
You are no longer berserk.
You are exhausted.
You feel yourself slow down.
You hit the orc.
The orc is heavily wounded.
The orc hits you but does no damage. The orc misses you.
Unknown command.
Okay, then.
Your skin crawls.
You feel strong-willed.
You can no longer call upon Trog for regeneration and willpower.
The orc priest invokes the aid of Beogh against you.
Beogh smites you!
You die...

####..#<..........
#..###.........
..........).....
###.#####........
# #..........
#)#........
...#)#.####.
#.####.#.# #.
#@#.# # #o#.# #o#
... #.# #.# #.#
..#


You could see an orc priest and an orc.

Vanquished Creatures
  An orc priest (D:3)
  An orc wizard (D:3)
  2 worms (D:2)
  A dart slug (D:1)
  5 ball pythons
  3 endoplasms (D:1)
  2 giant cockroaches (D:1)
  2 goblins
  4 hobgoblins
  3 quokkas
  3 bats
  3 frilled lizards
  3 kobolds
  2 rats
35 creatures vanquished.

Notes
Turn   | Place    | Note
-------+----------+-------------------------------------------
     0 | D:1      | SnakkuSnakku7 the Gargoyle Berserker began the quest for
                  | the Orb.
     0 | D:1      | Reached XP level 1. HP: 14/14 MP: 1/1
   116 | D:1      | Reached skill level 1 in Polearms
   116 | D:1      | Reached XP level 2. HP: 15/19 MP: 2/2
   566 | D:1      | Found a faded altar of an unknown god.
   947 | D:2      | Reached XP level 3. HP: 23/23 MP: 3/3
  1184 | D:2      | Found Qestrergho's Assorted Antiques.
  1190 | D:2      | Bought a smoky orange potion for 16 gold pieces
  1190 | D:2      | Bought 2 scrolls labelled URAUHI GASI for 36 gold pieces
  1591 | D:3      | Reached ** piety under Trog
  1592 | D:3      | Reached skill level 1 in Shields
  1592 | D:3      | Reached XP level 4. HP: 26/29 MP: 4/4
  1603 | D:3      | Killed from afar by an orc priest

Illustrated notes

Levels and vault maps discovered:
D:1:      saegor_arrival_under_anarchy, layout_loops_corners,
          hellmonk_ecumenical_altar_slurped_away
D:2:      layout_loops_cross, serial_shops, shop, minmay_door_square
D:3:      layout_basic, serial_shops, nicolae_shop_stone

Skill      XL: |  1  2  3  4 |
---------------+-------------+-----
Polearms       | 1 |  1.6
Axes           | 3 |  3.6
Shields        | 1 2 |  2.1
Fighting       | |  3.7
Armour         | |  2.1
Dodging        | |  1.5

Action                   |  1- 3 |  4- 6 || total
-------------------------+-------+-------++-------
Melee: Hand axe          |   118 |     7 ||   125
Invok: Berserk           |     2 |       ||     2
       Trog's Hand       |       |     1 ||     1
Armor: Animal skin       |    11 |       ||    11
       Scale mail        |    46 |     3 ||    49
Dodge: Dodged            |    69 |     2 ||    71
